 Dungeon Crawl Stone Soup version 0.21.0-30-g47ce8e4 (webtiles) character file.

7 tidbits the Insei (level 2, 26/29 HPs)
             Began as a Gnoll Monk on Jan 29, 2018.
             Quit the game on level 2 of the Dungeon.
             The game lasted 00:00:51 (119 turns).

tidbits the Insei (Gnoll Monk)                       Turns: 119, Time: 00:00:52

Health: 26/29      AC:  2    Str: 13    XL:     2   Next: 0%
Magic:  2/2        EV: 16    Int: 12    God:
Gold:   42         SH:  0    Dex: 17    Spells: 1/1 levels left

rFire    . . .     SeeInvis .     - Unarmed
rCold    . . .     Gourm    .   (no shield)
rNeg     . . .     Faith    .   a - +0 robe
rPois    .         Spirit   .   (no helmet)
rElec    .         Reflect  .   (no cloak)
rCorr    .         Harm     .   (no gloves)
MR       .....                  (no boots)
Stlth    +++.......             (no amulet)
HPRegen  0.09/turn              (no ring)
MPRegen  0.08/turn              (no ring)

@: no status effects
A: distributed training, fangs 1, strong nose
a: no special abilities


You were on level 2 of the Dungeon.
You were not hungry.

You visited 1 branch of the dungeon, and saw 2 of its levels.

You collected 42 gold pieces.

Inventory:

Hand Weapons
 c - a +0 dagger
 d - a +0 whip of draining
   (You took it off a kobold on level 1 of the Dungeon)
Armour
 a - a +0 robe (worn)
Scrolls
 e - a scroll of identify {unknown}
 f - a scroll of enchant armour {unknown}
Comestibles
 b - 3 rations


   Skills:
 + Level 6.4 Fighting
 + Level 0.2 Short Blades
 + Level 0.2 Long Blades
 + Level 0.2 Axes
 + Level 0.2 Maces & Flails
 + Level 0.2 Polearms
 + Level 0.2 Staves
 + Level 0.2 Slings
 + Level 0.2 Bows
 + Level 0.2 Crossbows
 + Level 0.2 Throwing
 + Level 0.2 Armour
 + Level 6.4 Dodging
 + Level 4.0 Stealth
 + Level 0.2 Shields
 + Level 6.4 Unarmed Combat
 + Level 0.2 Spellcasting
 + Level 0.1 Conjurations
 + Level 0.1 Hexes
 + Level 0.1 Charms
 + Level 0.1 Summonings
 + Level 0.1 Necromancy
 + Level 0.1 Translocations
 + Level 0.1 Transmutations
 + Level 0.1 Fire Magic
 + Level 0.1 Ice Magic
 + Level 0.1 Air Magic
 + Level 0.1 Earth Magic
 + Level 0.1 Poison Magic
 + Level 0.3 Invocations
 + Level 0.2 Evocations


You had one spell level left.
You didn't know any spells.

Dungeon Overview and Level Annotations

Branches:
Dungeon (2/15)

Altars:


Innate Abilities, Weirdness & Mutations

Your experience applies equally to all skills.
You have very sharp teeth.
Your uncanny sense of smell can sniff out nearby items.


Message History

Autopickup is now off.
Found a stone staircase leading down.
Found 10 gold pieces.
You see here 10 gold pieces.
You now have 17 gold pieces (gained 10).
There is a stone staircase leading down here.
You climb downwards.
A frilled lizard, a bat, a worm and a goblin come into view.
The goblin shouts!
Found 12 poisoned needles, 5 gold pieces and a scroll labeled LOEPSIMUVE.
Found a stone staircase leading down.
There is a stone staircase leading up here.
You hit the goblin.
The goblin is moderately wounded.
The goblin hits you with a dagger. The bat misses you.
The goblin hits you with a dagger.
The frilled lizard unfolds its giant frill.
You climb upwards.
There is a stone staircase leading down here.
Unknown command.
You punch the goblin!
You kill the goblin!
Things that are here:
a dagger; a goblin corpse
c - a dagger
Found 15 gold pieces.
A bat comes into view.
A bat and a kobold come into view.
The kobold is wielding a whip of draining.
The bat hits you but does no damage.
Found a ration.
You hit the bat. Your bite misses the bat.
The bat is severely wounded.
The bat misses you. The bat hits you but does no damage.
You miss the bat.
The bat is severely wounded.
The bat barely misses you. x2
The kobold shouts!
The bat closely misses you. x2
You miss the bat.
The bat is severely wounded.
The bat closely misses you. The bat misses you. The bat hits you.
The bat misses you.
You hit the bat.
You kill the bat!
The bat hits you but does no damage. The bat closely misses you.
You punch the bat!
You kill the bat!
You hit the kobold.
The kobold is severely wounded.
The kobold barely misses you.
You hit the kobold but do no damage. You bite the kobold, but do no damage.
The kobold is severely wounded.
The kobold closely misses you.
You punch the kobold!
You kill the kobold!
Things that are here:
a whip of draining; a kobold corpse
d - a whip of draining You see here 15 gold pieces.
You now have 32 gold pieces (gained 15).
You see here a ration.
b - 3 rations (gained 1)
Found 10 gold pieces.
Found a scroll labeled NOEZORR RASK.
You see here a scroll labeled NOEZORR RASK.
e - a scroll labeled NOEZORR RASK A leopard gecko comes into view.
The helpless leopard gecko fails to defend itself.
You hit the leopard gecko.
The leopard gecko is almost dead.
The leopard gecko bites you.
You completely miss the leopard gecko. Your bite misses the leopard gecko.
The leopard gecko is almost dead.
The leopard gecko barely misses you.
You closely miss the leopard gecko.
The leopard gecko is almost dead.
The leopard gecko misses you.
You miss the leopard gecko.
The leopard gecko is almost dead.
The leopard gecko closely misses you.
You closely miss the leopard gecko.
The leopard gecko is almost dead.
The leopard gecko misses you.
You hit the leopard gecko.
You kill the leopard gecko!
You have reached level 2!
Things that are here:
10 gold pieces; a scroll labeled MOMEIB KYJENAE
f - a scroll labeled MOMEIB KYJENAE You now have 42 gold pieces (gained 10).
Found a stone staircase leading down.
There is a stone staircase leading down here.
You climb downwards.
A dart slug comes into view.
There is a stone staircase leading up here.
A giant cockroach and 2 gnolls come into view.
The gnoll shouts! x2
A gnoll and a kobold come into view.
Are you sure you want to abandon this character and quit the game? (Confirm with "yes".)

####..
#....#
#.#..#
##.#..
##.... .
....#
....###..#
gg.....@<#
K.###..###
..w..
..###.# ..
... ..s
....


You could see 2 gnolls, a dart slug, a giant cockroach and a kobold.

Vanquished Creatures
  A leopard gecko (D:1)
  2 bats (D:1)
  A goblin (D:1)
  A kobold (D:1)
5 creatures vanquished.

Notes
Turn   | Place    | Note
-------+----------+-------------------------------------------
     0 | D:1      | tidbits the Gnoll Monk began the quest for the Orb.
     0 | D:1      | Reached XP level 1. HP: 23/23 MP: 1/1
   104 | D:1      | Reached XP level 2. HP: 25/29 MP: 2/2
   119 | D:2      | Quit the game

Action                   || total
-------------------------++-------
Melee: Unarmed           ||    16
       Bite              ||     1
 Stab: Sleeping          ||     1
Armor: Robe              ||     3
Dodge: Dodged            ||    16

Table legend:
 A = Turns spent in this place as a percentage of turns spent in the entire game.
 B = Non-inter-level travel turns spent in this place as a percentage of non-inter-level travel turns spent in the entire game.
 C = Inter-level travel turns spent in this place as a percentage of turns spent in this place.
 D = Turns resting spent in this place as a percentage of non-inter-level travel turns spent in this place.
 E = Turns spent auto-exploring this place as a percentage of non-inter-level travel turns spent in this place.
 F = Non-inter-level travel turns spent in this place divided by the number of levels of this place that you've seen.
                   A       B       C       D       E      F
               +-------+-------+-------+-------+-------+----------------------
         Total | 100.0 | 100.0 |   0.0 |   0.0 |   0.0 |  59.5
       Dungeon | 100.0 | 100.0 |   0.0 |   0.0 |   0.0 |  59.5
               +-------+-------+-------+-------+-------+----------------------

Table legend:
 A = Kills in this place as a percentage of kills in entire the game.
 B = Kills by you in this place as a percentage of kills by you in the entire game.
 C = Kills by friends in this place as a percentage of kills by friends in the entire game.
 D = Other kills in this place as a percentage of other kills in the entire game.
 E = Experience gained in this place as a percentage of experience gained in the entire game.
 F = Experience gained in this place divided by the number of levels of this place that you have seen.
                   A       B       C       D       E      F
               +-------+-------+-------+-------+-------+----------------------
         Total | 100.0 | 100.0 |   N/A |   N/A | 100.0 |   5.0
       Dungeon | 100.0 | 100.0 |   N/A |   N/A | 100.0 |   5.0
               +-------+-------+-------+-------+-------+----------------------

Vault maps used:
D:1:      eino_arrival_water_star
D:2:      overflow_temple_1_default
